 Dungeon Crawl Stone Soup version 0.23.2-33-g5129a83184 (webtiles) character file.

Game seed: 14972404717181309616

28 Acheron the Bolt Thrower (level 3, -7/21 HPs)
             Began as a Gargoyle Hunter on Aug 1, 2019.
             Mangled by an ice beast (10 damage)
             ... on level 5 of the Dungeon.
             The game lasted 00:08:14 (871 turns).

Acheron the Bolt Thrower (Gargoyle Hunter)           Turns: 871, Time: 00:08:16

Health: -7/21      AC:  9    Str: 20    XL:     3   Next: 12%
Magic:  4/4        EV: 17    Int: 11    God:
Gold:   73         SH:  0    Dex: 16    Spells: 3/3 levels left

rFire    . . .     SeeInvis .   d - +0 short sword
rCold    . . .     Gourm    .   (no shield)
rNeg     + . .     Faith    .   a - +0 leather armour
rPois    ∞         Spirit   .   (no helmet)
rElec    +         Reflect  .   (no cloak)
rCorr    .         Harm     .   (no gloves)
MR       .....                  k - +2 pair of boots
Stlth    +++.......             (no amulet)
HPRegen  0.07/turn              (no ring)
MPRegen  0.09/turn              (no ring)

@: mighty, agile
A: negative energy resistance 1, electricity resistance, unbreathing,
petrification resistance, rot immunity, AC +3
a: no special abilities


You were on level 5 of the Dungeon.
You were not hungry.

You visited 1 branch of the dungeon, and saw 5 of its levels.

You collected 73 gold pieces.

Inventory:

Hand Weapons
 c - a +1 hand crossbow
 d - a +0 short sword (weapon)
Missiles
 b - 18 bolts
 e - 79 arrows
Armour
 a - a +0 leather armour (worn)
 j - a scarf of cloud immunity
 k - a +2 pair of boots (worn)
Jewellery
 o - an uncursed ring of magical power {unknown}
Scrolls
 i - 3 scrolls of remove curse {unknown}
 m - 2 scrolls of magic mapping {unknown}
 n - a scroll of amnesia {unknown}
 p - a scroll of teleportation {unknown}
Potions
 h - 2 potions of flight {unknown}
Comestibles
 f - a ration
 g - a chunk of flesh


   Skills:
 + Level 2.3 Fighting
 + Level 4.4 Crossbows
 * Level 0.2 Armour
 * Level 1.7 Dodging
 * Level 1.4 Stealth
 * Level 0.9 Spellcasting


You had 3 spell levels left.
You didn't know any spells.
Your spell library was empty.

Dungeon Overview and Level Annotations

Branches:
Dungeon (5/15)
 Temple: D:4-7

Altars:
Dithmenos

Annotations:
D:2 Sigmund
D:4 Edmund


Innate Abilities, Weirdness & Mutations

You are resistant to torment.
Your stone body is resilient. (AC +3)
You are immune to poison.
You resist negative energy. (rN+)
You are resistant to electric shocks. (rElec)
You can survive without breathing.
You are immune to petrification.
You are immune to rotting.


Message History

An ice beast comes into view.
Found a ring mail and 2 silvery potions.
There is a stone staircase leading up here.
The helpless ice beast fails to defend itself.
You hit the ice beast.
The ice beast is lightly wounded.
The jackal bites you but does no damage.
The jackal completely misses you. The ice beast barely misses you.
You hit the ice beast but do no damage.
The ice beast is lightly wounded.
The jackal bites you but does no damage.
The ice beast misses you.
You closely miss the ice beast.
The ice beast is lightly wounded.
The jackal barely misses you.
The jackal bites you but does no damage.
The ice beast hits you.
* * * LOW HITPOINT WARNING * * *
The ice beast freezes you!
You die...

.......##
##.......
#.......#
#.......#
##.......
#.......#
#.!#.....##
#....@h.#
#...[.Y.#
#..........
.........#####
#####...##
#####


You could see an ice beast and a jackal.

Vanquished Creatures
  A leopard gecko (D:1)
  An orc (D:3)
  4 bats
  2 giant cockroaches
  3 goblins (D:1)
  4 hobgoblins (D:1)
  A ball python (D:2)
  A frilled lizard (D:1)
  2 kobolds (D:1)
  3 rats (D:1)
22 creatures vanquished.

Notes
Turn   | Place    | Note
-------+----------+-------------------------------------------
     0 | D:1      | Acheron the Gargoyle Hunter began the quest for the Orb.
     0 | D:1      | Reached XP level 1. HP: 12/12 MP: 1/1
    96 | D:1      | Reached XP level 2. HP: 17/17 MP: 2/2
   654 | D:2      | Found a shadowy altar of Dithmenos.
   661 | D:2      | Reached XP level 3. HP: 21/21 MP: 4/4
   775 | D:2      | Noticed Sigmund
   845 | D:4      | Noticed Edmund
   868 | D:5      | Entered Level 5 of the Dungeon
   868 | D:5      | Noticed an ice beast
   871 | D:5      | Mangled by an ice beast

Action                   || total
-------------------------++-------
Melee: Short sword       ||    36
 Fire: Hand crossbow     ||    38
  Use: Scroll            ||     4
       Potion            ||     2
 Stab: Sleeping          ||     1
Armor: Leather armour    ||    22
Dodge: Dodged            ||    59
